 Dungeon Crawl Stone Soup version 0.29.0-4-gdea44cf6ec (webtiles) character file.

Game seed: 2200443629249819896

67 qw the Chopper (level 4, -6/26 HPs)
             Began as a Tengu Warper on Aug 28, 2022.
             Mangled by Sigmund
             ... wielding a +0 scythe
              (8 damage)
             ... on level 2 of the Dungeon.
             The game lasted 00:00:07 (1315 turns).

qw the Chopper (Tengu Warper)                       Turns: 1315, Time: 00:00:08

Health: -6/26      AC:  3    Str: 13    XL:     4   Next: 18%
Magic:  8/8        EV: 12    Int: 13    God:
Gold:   116        SH:  0    Dex: 14    Spells: 7/7 levels left

rFire   . . .      SeeInvis .   Y - +0 hand axe
rCold   + . .      Faith    .   (no shield)
rNeg    . . .      Spirit   .   b - +0 leather armour
rPois   .          Reflect  .   (helmet restricted)
rElec   .          Harm     .   (no cloak)
rCorr   .          Rampage  .   (no gloves)
Will    .....                   (boots unavailable)
Stlth   +.........              (no amulet)
HPRegen 0.08/turn               e - ring of protection from cold
MPRegen 0.11/turn               (no ring)

@: confused
A: beak, talons 3
a: no special abilities


You were on level 2 of the Dungeon.
You visited 1 branch of the dungeon, and saw 2 of its levels.

You collected 116 gold pieces.


Innate Abilities, Weirdness & Mutations

You have a beak for a mouth.
You have claws for feet.


   Skills:
 - Level 2.0 Fighting
 + Level 4.8 Axes
 - Level 1.0 Throwing
 - Level 1.1 Armour
 - Level 2.1 Dodging
 - Level 2.0 Spellcasting
 - Level 2.4 Translocations


You had 7 spell levels left.
You didn't know any spells.
Your spell library contained the following spells:

 Spells                   Type           Power      Damage    Failure   Level
 Blink                    Tloc           14%        N/A       19%         2
 Gell's Gravitas          Tloc           7%         N/A       36%         3
 Lesser Beckoning         Tloc           7%         N/A       36%         3
 Teleport Other           Tloc           7%         N/A       36%         3
 Manifold Assault         Tloc           7%         N/A       98%         5

Inventory:

Hand Weapons
 f - a +0 mace
 Y - a +0 hand axe (weapon)
Armour
 b - a +0 leather armour (worn)
Jewellery
 e - a ring of protection from cold (left hand)
Scrolls
 a - 2 scrolls of identify
Potions
 c - a potion of curing {unknown}
 d - 2 potions of degeneration {unknown}
 g - a potion of magic {unknown}

Dungeon Overview and Level Annotations

Branches:
Dungeon (2/15)

Altars:
Elyvilon

Annotations:
D:2 Sigmund


Message History

1300 ||| Stepping ~*~*~tactically~*~*~ (hiding).
Sigmund hits you but does no damage.
You slash Sigmund! You peck Sigmund.
Sigmund is moderately wounded.
Sigmund misses you.
You hit Sigmund.
Sigmund is moderately wounded.
Sigmund gestures at you while chanting. The puff of flame hits you.
You barely miss Sigmund. You claw Sigmund.
Sigmund is heavily wounded.
Sigmund completely misses you.
You hit Sigmund. Your kick misses Sigmund. You peck Sigmund, but do no damage.
Sigmund is heavily wounded.
You closely miss Sigmund. You claw Sigmund.
Sigmund is severely wounded.
Sigmund casts a spell at you.
You are confused.
Sigmund hits you from afar with a +0 scythe!
There is a white marble altar of Elyvilon here.
Press < or > to pray at altars.
Press < or > to pray at altars.
Press < or > to pray at altars.
Press < or > to pray at altars.
Sigmund hits you from afar with a +0 scythe.
You bump into the rock wall.
You feel less confused. Sigmund hits you with a +0 scythe.
You hit Sigmund but do no damage. Your peck misses Sigmund.
Sigmund is severely wounded.
Sigmund's eyes start glowing with a red light.
Sigmund misses you.
You hit Sigmund.
Sigmund is almost dead.
Sigmund gestures at you while chanting.
You are confused.
You completely miss Sigmund. Your kick misses Sigmund.
Your peck misses Sigmund.
Sigmund is almost dead.
Sigmund hits you with a +0 scythe!
You die...

..# #......# #### #.#
#......#
....####.######......###
#.....................
#.......######.#####
#.......# #......
##.._..## #######
#.####@....# #######
......!.@...# #......
....######### #...... ..
#...... #...... #......
#######


You could see Sigmund.

Vanquished Creatures
  Jessica (D:2)
  A dart slug (D:1)
  4 bats
  2 endoplasms (D:1)
  A giant cockroach (D:1)
  A goblin (D:1)
  5 hobgoblins
  2 jackals (D:1)
  5 quokkas
  5 ball pythons
  4 frilled lizards (D:1)
  4 rats (D:1)
35 creatures vanquished.

Vanquished Creatures (others)
  2 plants (D:2)
  4 toadstools (D:1)
6 creatures vanquished.

Grand Total: 41 creatures vanquished

Notes
Turn   | Place    | Note
-------+----------+-------------------------------------------
     0 | D:1      | qw the Tengu Warper began the quest for the Orb.
     0 | D:1      | Reached XP level 1. HP: 12/12 MP: 4/4
     0 | D:1      | 0 ||| qw: Version: 0.1-a-89-g26bdef1
     0 | D:1      | 0 ||| qw: Game counter: 729
     0 | D:1      | 0 ||| qw: Always use a shield: true
     0 | D:1      | 0 ||| qw: God list: Okawaru
     0 | D:1      | 0 ||| qw: Allow faded altars: false
     0 | D:1      | 0 ||| qw: Do Orc after D:15 true
     0 | D:1      | 0 ||| qw: Do second Lair branch before Depths: true
     0 | D:1      | 0 ||| qw: Lair rune preference: random
     0 | D:1      | 0 ||| qw: Plans: Normal
     0 | D:1      | 0 ||| PLANNING D:1-11
   159 | D:1      | Reached skill level 3 in Axes
   159 | D:1      | Reached XP level 2. HP: 17/17 MP: 6/6
   510 | D:1      | 510 ||| DROPPING +0 club.
   588 | D:1      | 588 ||| Stepping ~*~*~tactically~*~*~ (stealth).
   591 | D:1      | 591 ||| Stepping ~*~*~tactically~*~*~ (stealth).
   593 | D:1      | 593 ||| Stepping ~*~*~tactically~*~*~ (stealth).
   599 | D:1      | Reached XP level 3. HP: 21/21 MP: 7/7
   650 | D:1      | Found a faded altar of an unknown god.
   861 | D:1      | Reached skill level 4 in Axes
   969 | D:1      | 969 ||| UPGRADING to ring of protection from cold.
   970 | D:1      | 970 ||| READING scroll labelled DYGAIKK ONNYBB.
   971 | D:1      | 971 ||| DROPPING scroll of blinking.
  1165 | D:2      | Noticed Jessica
  1166 | D:2      | 1166 ||| Stepping ~*~*~tactically~*~*~ (hiding).
  1176 | D:2      | Killed Jessica
  1177 | D:2      | Reached XP level 4. HP: 19/26 MP: 8/8
  1293 | D:2      | Found a white marble altar of Elyvilon.
  1298 | D:2      | Noticed Sigmund
  1299 | D:2      | 1299 ||| Stepping ~*~*~tactically~*~*~ (hiding).
  1300 | D:2      | 1300 ||| Stepping ~*~*~tactically~*~*~ (hiding).
  1310 | D:2      | HP: 6/26 [Sigmund/+0 scythe (4)]
  1312 | D:2      | HP: 2/26 [Sigmund/+0 scythe (4)]
  1315 | D:2      | Mangled by Sigmund

Levels and vault maps discovered:
D:1:      ldierk_walled_garden_2, layout_basic, ebering_ecumenical_altar_hall
D:2:      layout_basic, basic_altar, chequers_big_river, uniq_sigmund,
          uniq_jessica

Skill      XL: |  1  2  3 |
---------------+----------+-----
Axes           | 3 4 |  4.8
Fighting       | |  2.0
Throwing       | |  1.0
Armour         | |  1.1
Dodging        | |  2.1
Spellcasting   | |  2.0
Translocations | |  2.4

Action                   |  1- 3 |  4- 6 || total
-------------------------+-------+-------++-------
Melee: Hand axe          |    81 |     8 ||    89
       Kick              |    28 |     2 ||    30
       Peck              |     8 |     2 ||    10
       Punch             |     1 |       ||     1
Throw: Boomerang         |     7 |       ||     7
  Use: Scroll            |     1 |       ||     1
Armor: Leather armour    |    18 |     1 ||    19
Dodge: Dodged            |    50 |     3 ||    53

Table legend:
 A = Non-vault XP
 B = Vault XP
 C = Vault XP percentage of total XP
 D = Non-vault monster count
 E = Vault monster count
 F = Vault count percentage of total count
                 A         B        C        D         E       F
            +---------+---------+-------+---------+---------+-------
      Total |      60 |      37 |  38.1 |      34 |       1 |   2.9
            +---------+---------+-------+---------+---------+-------
        D:1 |      46 |       0 |   0.0 |      27 |       0 |   0.0
        D:2 |      14 |      37 |  72.5 |       7 |       1 |  12.5
            +---------+---------+-------+---------+---------+-------
